[Event "Netanya Open 2019"]
[Site "Netanya"]
[Date "2019.06.25"]
[Round "3.23"]
[White "Shubin, Kirill"]
[Black "Hasidovsky, Michael"]
[Result "1-0"]
[ECO "C13"]
[WhiteElo "2426"]
[BlackElo "2135"]
[Annotator "NA"]
[PlyCount "95"]
[EventDate "2019.06.23"]
[EventType "swiss"]
[EventCountry "ISR"]
[SourceTitle "playchess.com"]
[Source "ChessBase"]
[SourceQuality "1"]
[TimeControl "40/5400+30:1800+30"]

1. e4 e6 2. d4 d5 3. Nc3 dxe4 4. Nxe4 Nd7 5. Nf3 Ngf6 6. Bg5 Be7 7. Nxf6+ Bxf6 8. h4 c5 9. Bxf6 Qxf6 10. Qd2 a6 11. O-O-O cxd4 12. Bd3 Nc5 13. Qb4 Qe7 14. Qxd4 Nxd3+ 15. Rxd3 O-O 16. Rhd1 f6 17. Qc4 Kh8 18. Qe4 e5 19. Rd6 Rb8 20. h5 b6 21. Qe3 Qf7 22. h6 gxh6 23. Qxh6 Qg7 24. Qe3 b5 25. g3 Bg4 26. R1d2 a5 27. Nh4 b4 28. f3 Bh5 29. g4 Qg5 30. Qxg5 fxg5 31. Nf5 Bg6 32. Ne7 Bf7 33. Nc6 Rb5 34. Rf6 Kg7 35. Rf5 Be8 36. Rxg5+ Kh6 37. Rxe5 Bxc6 38. Rd6+ Kg7 39. Re7+ Kg8 40. Rxc6 Rxf3 41. Rc8+ Rf8 42. Rxf8+ Kxf8 43. Rxh7 Rg5 44. Rh5 Rxg4 45. Rxa5 Ke7 46. b3 Kd6 47. Kb2 Rg2 48. a3 1-0

[Event "Netanya Open 2019"]
[Site "Netanya"]
[Date "2019.06.25"]
[Round "3.24"]
[White "Sheinkman, Lidan"]
[Black "Kantsler, Boris"]
[Result "0-1"]
[ECO "A49"]
[WhiteElo "1874"]
[BlackElo "2420"]
[Annotator "NA"]
[PlyCount "46"]
[EventDate "2019.06.23"]
[EventType "swiss"]
[EventCountry "ISR"]
[SourceTitle "playchess.com"]
[Source "ChessBase"]
[SourceQuality "1"]
[TimeControl "40/5400+30:1800+30"]

1. d4 g6 2. Nf3 Bg7 3. g3 Nf6 4. Bg2 O-O 5. O-O d6 6. b3 e5 7. dxe5 dxe5 8. Ba3 Re8 9. Nc3 Bd7 10. e4 Nc6 11. Re1 Bg4 12. Bb2 Nd4 13. h3 Nxf3+ 14. Bxf3 Bxh3 15. Qxd8 Raxd8 16. Rad1 c6 17. Na4 Rxd1 18. Rxd1 Bf8 19. Bc3 Be6 20. Bxe5 Bg4 21. Bxg4 Rxe5 22. Bf3 Nxe4 23. Re1 Nd2 0-1

[Event "Netanya Open 2019"]
[Site "Netanya"]
[Date "2019.06.25"]
[Round "3.25"]
[White "Bronstein, Or"]
[Black "Levi, Netanel"]
[Result "1-0"]
[ECO "E94"]
[WhiteElo "2378"]
[BlackElo "2143"]
[Annotator "NA"]
[PlyCount "51"]
[EventDate "2019.06.23"]
[EventType "swiss"]
[EventCountry "ISR"]
[SourceTitle "playchess.com"]
[Source "ChessBase"]
[SourceQuality "1"]
[TimeControl "40/5400+30:1800+30"]

1. d4 Nf6 2. c4 d6 3. Nc3 e5 4. Nf3 Nbd7 5. e4 g6 6. Be2 Bg7 7. O-O O-O 8. Qc2 Qe7 9. Rd1 Re8 10. dxe5 dxe5 11. Nd5 Qd8 12. Bg5 c6 13. Nxf6+ Bxf6 14. Bxf6 Qxf6 15. c5 Qe7 16. Rd6 Nf8 17. Bc4 Bg4 18. Qc3 Rad8 19. Nxe5 Be6 20. Bxe6 Nxe6 21. Ng4 Qh4 22. Nf6+ Kf8 23. Nxe8 Rxe8 24. Qh8+ Ke7 25. Rxe6+ fxe6 26. Qg7+ 1-0

[Event "Netanya Open 2019"]
[Site "Netanya"]
[Date "2019.06.25"]
[Round "3.26"]
[White "Yaniv, Yuval"]
[Black "Rechlis, Gad"]
[Result "0-1"]
[ECO "B67"]
[WhiteElo "2120"]
[BlackElo "2506"]
[Annotator "ChessBase"]
[PlyCount "72"]
[EventDate "2019.06.23"]
[EventType "swiss"]
[EventCountry "ISR"]
[SourceTitle "playchess.com"]
[Source "ChessBase"]
[SourceQuality "1"]
[TimeControl "40/5400+30:1800+30"]

1. e4 c5 2. Nf3 d6 3. d4 cxd4 4. Nxd4 Nf6 5. Nc3 Nc6 6. Bg5 e6 7. Qd2 a6 8. O-O-O Bd7 9. f3 Be7 10. Kb1 Qa5 11. Nb3 Qc7 12. Bxf6 gxf6 13. f4 O-O-O 14. Be2 h5 15. Rhf1 Kb8 16. Rf3 Bc8 17. Rh3 h4 18. Qe1 f5 19. exf5 d5 20. Qf2 d4 21. Ne4 exf5 22. Ng5 Nb4 23. Bd3 Bf6 24. Rxh4 Rxh4 25. Qxh4 a5 26. Nc1 a4 27. a3 Nd5 28. Rf1 Rd6 29. Qh5 Rb6 30. Qxf7 Qc3 31. b3 axb3 32. Nxb3 Rxb3+ 33. Kc1 Qa1+ 34. Kd2 Rxd3+ 35. cxd3 Qb2+ 36. Ke1 Qc1+ 0-1

[Event "Netanya Open 2019"]
[Site "Netanya"]
[Date "2019.06.25"]
[Round "3.27"]
[White "Veinberg, Nimrod"]
[Black "Zhimalov, Adam"]
[Result "1-0"]
[ECO "A47"]
[WhiteElo "2401"]
[BlackElo "2044"]
[Annotator "NA"]
[PlyCount "97"]
[EventDate "2019.06.23"]
[EventType "swiss"]
[EventCountry "ISR"]
[SourceTitle "playchess.com"]
[Source "ChessBase"]
[SourceQuality "1"]
[TimeControl "40/5400+30:1800+30"]

1. d4 Nf6 2. Nf3 e6 3. Bf4 c5 4. e3 b6 5. Bd3 Bb7 6. Nbd2 Be7 7. h3 d6 8. dxc5 bxc5 9. e4 e5 10. Bh2 O-O 11. O-O Qc7 12. Qe2 Re8 13. Rfe1 Nbd7 14. Rad1 Nb6 15. Bb5 Rec8 16. Nc4 Nxc4 17. Qxc4 Bf8 18. Nd2 Bc6 19. Bxc6 Qxc6 20. b3 a5 21. a4 Nd7 22. Qd3 Nb6 23. c4 Nd7 24. Nb1 Rab8 25. Na3 Re8 26. Nb5 Re6 27. Re3 Rg6 28. g4 h5 29. f3 hxg4 30. hxg4 Be7 31. Qe2 Nf8 32. Qe1 Qb6 33. Red3 Rd8 34. Qd2 Bg5 35. Qc3 Be7 36. Qd2 Bg5 37. Qe1 Be7 38. Nc3 Qa7 39. Bxe5 dxe5 40. Rxd8 Bxd8 41. Rxd8 Qe7 42. Qd2 Kh7 43. Rb8 Ne6 44. Nd5 Qa7 45. Qh2+ Rh6 46. Qxe5 Nd4 47. Kg2 Qd7 48. Qe7 Qc6 49. Rb6 1-0

[Event "Netanya Open 2019"]
[Site "Netanya"]
[Date "2019.06.25"]
[Round "3.28"]
[White "Tartakovsky, Daniel"]
[Black "Sivan, Yaacov"]
[Result "0-1"]
[ECO "D94"]
[WhiteElo "2034"]
[BlackElo "2320"]
[Annotator "NA"]
[PlyCount "52"]
[EventDate "2019.06.23"]
[EventType "swiss"]
[EventCountry "ISR"]
[SourceTitle "playchess.com"]
[Source "ChessBase"]
[SourceQuality "1"]
[TimeControl "40/5400+30:1800+30"]

1. d4 d5 2. Nf3 Nf6 3. c4 c6 4. e3 g6 5. Nc3 Bg7 6. Qb3 e6 7. Bd2 Nbd7 8. Qa3 b6 9. cxd5 exd5 10. Bd3 c5 11. dxc5 bxc5 12. O-O O-O 13. e4 d4 14. Na4 Bb7 15. Bg5 Qa5 16. Bd2 Qc7 17. Rac1 Nxe4 18. Bxe4 Bxe4 19. Nxc5 Nxc5 20. Rxc5 Qb7 21. Ne1 Rfe8 22. b4 d3 23. Bc3 Rad8 24. Bxg7 d2 25. Nd3 Rxd3 26. Qa4 Qd7 0-1

[Event "Netanya Open 2019"]
[Site "Netanya"]
[Date "2019.06.25"]
[Round "3.29"]
[White "Goikhman, Valentin"]
[Black "Gov, Guy"]
[Result "1-0"]
[WhiteElo "2320"]
[BlackElo "2006"]
[PlyCount "119"]
[EventDate "2019.06.23"]
[EventType "swiss"]
[EventRounds "9"]
[EventCountry "ISR"]
[TimeControl "40/5400+30:1800+30"]

1. e4 e5 2. Nf3 Nc6 3. Bc4 Bc5 4. c3 Nf6 5. d3 d6 6. O-O O-O 7. Bg5 a6 8. Nbd2 Ba7 9. b4 h6 10. Bh4 Kh7 11. Re1 g5 12. Bg3 Bg4 13. Nf1 Qd7 14. Ne3 Bh5 15. Nd5 Nxd5 16. exd5 Bxf3 17. Qxf3 Ne7 18. d4 f5 19. h3 f4 20. Bh2 Ng6 21. Bd3 Rae8 22. h4 gxh4 23. Qh5 Qg7 24. Re2 Re7 25. Rae1 f3 26. Re4 Rf6 27. Rg4 fxg2 28. Rxg2 Ref7 29. Kh1 h3 30. Rg4 Qg8 31. Reg1 Rg7 32. Rh4 Qxd5+ 33. Be4 Qxa2 34. Qxh6+ Kg8 35. Rxg6 Rfxg6 36. Bxg6 Kf8 37. Rxh3 Qd5+ 38. f3 exd4 39. Qf4+ Ke7 40. Be4 Qa2 41. Rg3 Qa1+ 42. Kg2 Qa2+ 43. Kh1 Qa1+ 44. Bg1 Rxg3 45. Qh4+ Ke6 46. Qxg3 dxc3 47. Qg6+ Ke7 48. Qg5+ Kd7 49. Qg7+ Ke6 50. Qg6+ Ke7 51. Qh7+ Kf6 52. Qh4+ Ke6 53. Bd5+ Kf5 54. Qh5+ Kf6 55. Qf7+ Kg5 56. f4+ Kg4 57. Be6+ Kf3 58. Qh5+ Ke4 59. Qd5+ Kxf4 60. Qf5+ 1-0

[Event "Netanya Open 2019"]
[Site "Netanya"]
[Date "2019.06.25"]
[Round "3.30"]
[White "Cohen, Elad"]
[Black "Rozen, Eytan"]
[Result "1/2-1/2"]
[WhiteElo "1999"]
[BlackElo "2317"]
[PlyCount "158"]
[EventDate "2019.06.23"]
[EventType "swiss"]
[EventRounds "9"]
[EventCountry "ISR"]
[TimeControl "40/5400+30:1800+30"]

1. e4 c6 2. Nf3 d5 3. Nc3 Bg4 4. h3 Bxf3 5. Qxf3 e6 6. d4 Nf6 7. exd5 cxd5 8. Bg5 Be7 9. Bb5+ Nc6 10. O-O O-O 11. Bxc6 bxc6 12. Ne2 Qb6 13. b3 c5 14. c3 Rfc8 15. Rac1 c4 16. Rb1 Qa6 17. bxc4 Rxc4 18. Bxf6 Bxf6 19. Rb2 Ra4 20. Qf4 h6 21. Qd2 Rc8 22. f4 g6 23. g4 Rac4 24. Rfb1 Qa3 25. Rb4 Rxc3 26. Nxc3 Rxc3 27. R4b3 Qa4 28. Rxc3 Qxd4+ 29. Qxd4 Bxd4+ 30. Kf1 Bxc3 31. f5 exf5 32. gxf5 g5 33. Rb7 a5 34. Rd7 d4 35. h4 gxh4 36. Rd6 Kg7 37. Kg2 Be1 38. Kh3 Bf2 39. Rd5 Kf6 40. Rxa5 Kg5 41. Kg2 Be1 42. Rd5 d3 43. Rxd3 Kxf5 44. Rf3+ Ke4 45. Rxf7 Kd5 46. Rc7 Ba5 47. Rb7 Kc6 48. Rb3 Bd8 49. Kh3 Bb6 50. Kxh4 Kb7 51. Kg4 Ka7 52. Kf5 Bf2 53. Ke4 h5 54. Kd5 h4 55. Kc6 Bg3 56. Kb5 Kb7 57. Rf3 Bh2 58. a4 Bg1 59. Rf7+ Kb8 60. Ka6 h3 61. Rf8+ Kc7 62. Rh8 h2 63. a5 Be3 64. Rxh2 Kb8 65. Rh8+ Kc7 66. Kb5 Kb7 67. Rg8 Ka7 68. Rg6 Bd4 69. Rd6 Bf2 70. Rd7+ Kb8 71. Kc6 Be3 72. Rb7+ Ka8 73. Re7 Bf2 74. Kb5 Kb8 75. a6 Ka8 76. Re8+ Ka7 77. Kc6 Bd4 78. Re7+ Ka8 79. Rb7 Bf2 1/2-1/2

[Event "Netanya Open 2019"]
[Site "Netanya"]
[Date "2019.06.25"]
[Round "3.31"]
[White "Gorodetzky, Matan"]
[Black "Kharlamov, Igor"]
[Result "1-0"]
[WhiteElo "2316"]
[BlackElo "2019"]
[PlyCount "71"]
[EventDate "2019.06.23"]
[EventType "swiss"]
[EventRounds "9"]
[EventCountry "ISR"]
[TimeControl "40/5400+30:1800+30"]

1. e4 c5 2. Nf3 d6 3. Bb5+ Bd7 4. Bxd7+ Qxd7 5. c4 e5 6. Nc3 Nc6 7. d3 Nge7 8. a3 h6 9. Rb1 Nd4 10. Be3 f5 11. Nh4 O-O-O 12. Bxd4 exd4 13. Nd5 Nxd5 14. cxd5 fxe4 15. Ng6 Rg8 16. dxe4 Qf7 17. Qg4+ Qd7 18. Qf3 Be7 19. O-O Bf6 20. b3 Rde8 21. Rfe1 Be5 22. Qh5 Qf7 23. f4 Bf6 24. Qf5+ Kb8 25. g4 d3 26. Kh1 Qc7 27. e5 d2 28. Re2 Qa5 29. Qd3 dxe5 30. fxe5 Bg5 31. h4 Bd8 32. Rxd2 Qxa3 33. Qc4 Bxh4 34. Nxh4 Rxe5 35. Qf4 Rge8 36. Ng6 1-0

[Event "Netanya Open 2019"]
[Site "Netanya"]
[Date "2019.06.25"]
[Round "3.32"]
[White "Stolyarsky, Yegor"]
[Black "Aharon, Ofir"]
[Result "0-1"]
[ECO "A57"]
[WhiteElo "2017"]
[BlackElo "2302"]
[PlyCount "84"]
[EventDate "2019.06.23"]
[EventType "swiss"]
[EventRounds "9"]
[EventCountry "ISR"]
[TimeControl "40/5400+30:1800+30"]

1. d4 Nf6 2. Nf3 c5 3. d5 b5 4. c4 Bb7 5. a3 e6 6. Nc3 bxc4 7. e4 Nxe4 8. Nxe4 exd5 9. Ng3 Be7 10. Be2 O-O 11. O-O g6 12. Qd2 Bf6 13. h4 d6 14. h5 Nd7 15. hxg6 fxg6 16. Qh6 Ne5 17. Ng5 Qe7 18. Bf4 Rae8 19. Rfe1 Qg7 20. Qxg7+ Bxg7 21. Bxe5 dxe5 22. Bg4 Rf6 23. Rad1 h6 24. Nf3 e4 25. Nf1 Rf4 26. Bh3 Bxb2 27. N3h2 d4 28. g3 Rf7 29. Ng4 Kg7 30. Rb1 c3 31. a4 Bc8 32. Ne5 Bxh3 33. Nxf7 Kxf7 34. Re2 Rb8 35. Ree1 Re8 36. a5 d3 37. Rxb2 cxb2 38. Nd2 Rb8 39. Rb1 Be6 40. Re1 Ba2 41. Nb1 Bxb1 42. Rxb1 c4 0-1

[Event "Netanya Open 2019"]
[Site "Netanya"]
[Date "2019.06.25"]
[Round "3.33"]
[White "Poleg, Dan"]
[Black "Tsyn, Igor"]
[Result "1/2-1/2"]
[WhiteElo "2268"]
[BlackElo "2002"]
[PlyCount "141"]
[EventDate "2019.06.23"]
[EventType "swiss"]
[EventRounds "9"]
[EventCountry "ISR"]
[TimeControl "40/5400+30:1800+30"]

1. d4 Nf6 2. c4 g6 3. Nc3 d5 4. Bf4 Bg7 5. e3 c5 6. dxc5 Qa5 7. Rc1 dxc4 8. Bxc4 O-O 9. Nf3 Qxc5 10. Bb3 Nc6 11. O-O Qa5 12. h3 Bf5 13. Qe2 Ne4 14. Nd5 e5 15. Bh2 Rfd8 16. Rfd1 Be6 17. Qc4 Nf6 18. e4 Rac8 19. Ng5 Nd4 20. Ne7+ Kf8 21. Nxe6+ Kxe7 22. Nxd8 Rxc4 23. Rxc4 Nxe4 24. Nxf7 b5 25. Rcxd4 exd4 26. f3 Nd2 27. Re1+ Kd7 28. Be6+ Kc6 29. Rc1+ Nc4 30. a4 Qxa4 31. Nd6 Kb6 32. Nxc4+ bxc4 33. Bxc4 Qb4 34. Bd3 a5 35. Bf4 Bf8 36. Bc7+ Ka7 37. Ra1 Qd2 38. Bxa5 Qxd3 39. Bb4+ Kb7 40. Bxf8 Qe2 41. Bg7 d3 42. Bc3 d2 43. Bxd2 Qxd2 44. Kh1 Kb6 45. b3 Kc5 46. Ra4 Qd1+ 47. Kh2 Qxb3 48. Re4 Kd5 49. h4 Qb1 50. Kh3 Qh1+ 51. Kg3 Kd6 52. Re2 Qc1 53. Re4 g5 54. hxg5 Qxg5+ 55. Kh2 Kd5 56. Kh1 Qg3 57. Kg1 h5 58. Kh1 h4 59. Rg4 Qe1+ 60. Kh2 Kd6 61. Rd4+ Kc5 62. Rg4 Kd5 63. Rg5+ Ke6 64. Rg4 Kf6 65. Rg8 Kf5 66. Rg4 Qe5+ 67. Kh3 Qe1 68. Rxh4 Qh1+ 69. Kg3 Qe1+ 70. Kh3 Qh1+ 71. Kg3 1/2-1/2

[Event "Netanya Open 2019"]
[Site "Netanya"]
[Date "2019.06.25"]
[Round "3.34"]
[White "Tzidkiya, Yeshaayahu"]
[Black "Uritsky, Yonathan"]
[Result "1-0"]
[ECO "B33"]
[WhiteElo "2247"]
[BlackElo "1981"]
[PlyCount "107"]
[EventDate "2019.06.23"]
[EventType "swiss"]
[EventRounds "9"]
[EventCountry "ISR"]
[TimeControl "40/5400+30:1800+30"]

1. e4 c5 2. Nf3 Nc6 3. d4 cxd4 4. Nxd4 Nf6 5. Nc3 e5 6. Ndb5 d6 7. Bg5 a6 8. Na3 b5 9. Nd5 Be7 10. Nxe7 Qxe7 11. c4 bxc4 12. Nxc4 Nd4 13. Bd3 O-O 14. O-O Ne6 15. Bh4 g5 16. Bg3 Nc5 17. f3 Be6 18. Be2 Rfd8 19. b4 Bxc4 20. Bxc4 Ne6 21. Qd2 Nh5 22. Bf2 Nhf4 23. Be3 h6 24. Rfd1 Nc7 25. Rac1 d5 26. exd5 Ncxd5 27. Bc5 Qb7 28. Qe1 Nb6 29. Bf1 Nd7 30. Bd6 Rac8 31. Qf2 Ne6 32. Qe3 Rxc1 33. Rxc1 Qd5 34. Be7 Re8 35. Bc4 Qd4 36. Qxd4 exd4 37. Bd6 Rc8 38. Rc2 Rc6 39. Bg3 Nb6 40. Bd3 Rxc2 41. Bxc2 Nd5 42. a3 Nef4 43. Bxf4 Nxf4 44. Kf2 Kg7 45. g3 Ne6 46. Bd3 Nc7 47. Bc4 f5 48. Ke2 Kf6 49. f4 Ke7 50. Kd3 g4 51. Kxd4 Kd6 52. a4 a5 53. bxa5 Na8 54. Bd3 1-0

[Event "Netanya Open 2019"]
[Site "Netanya"]
[Date "2019.06.25"]
[Round "3.35"]
[White "Iliaguev, Daniel"]
[Black "Prraneeth Vuppala"]
[Result "0-1"]
[WhiteElo "2007"]
[BlackElo "2297"]
[PlyCount "46"]
[EventDate "2019.06.23"]
[EventType "swiss"]
[EventRounds "9"]
[EventCountry "ISR"]
[TimeControl "40/5400+30:1800+30"]

1. c4 e5 2. g3 c6 3. Bg2 d5 4. cxd5 cxd5 5. d4 e4 6. Nc3 Bb4 7. Nh3 Nc6 8. O-O Bf5 9. f3 Qd7 10. Nf4 Bxc3 11. bxc3 h5 12. fxe4 dxe4 13. d5 O-O-O 14. Ba3 Qc7 15. Qa4 Ne5 16. Qxa7 Nc4 17. Bc5 g5 18. Nxh5 Rxd5 19. Rxf5 Rxf5 20. Bh3 g4 21. Bxg4 Rhxh5 22. Rd1 Qa5 23. Bb6 Qxb6+ 0-1

[Event "Netanya Open 2019"]
[Site "Netanya"]
[Date "2019.06.25"]
[Round "3.36"]
[White "Tifferet, Shaked"]
[Black "Kinberg, Ofer"]
[Result "0-1"]
[WhiteElo "2236"]
[BlackElo "1962"]
[PlyCount "124"]
[EventDate "2019.06.23"]
[EventType "swiss"]
[EventRounds "9"]
[EventCountry "ISR"]
[TimeControl "40/5400+30:1800+30"]

1. e4 e5 2. Nf3 Nc6 3. Nc3 Nf6 4. Be2 d5 5. exd5 Nxd5 6. O-O Nxc3 7. bxc3 Bd6 8. d4 O-O 9. Re1 exd4 10. cxd4 h6 11. h3 Qf6 12. Rb1 Re8 13. Be3 Ne7 14. c4 Nf5 15. c5 Nxe3 16. fxe3 Bg3 17. Rf1 Qe7 18. Bc4 Qxe3+ 19. Kh1 Rf8 20. Rb3 Qe7 21. Nd2 Bh4 22. Rbf3 Bf6 23. Qc2 Kh8 24. d5 Re8 25. d6 cxd6 26. cxd6 Qxd6 27. Bxf7 Re2 28. Rxf6 Qxd2 29. Qxd2 Rxd2 30. R6f4 Bd7 31. Bg6 Kg8 32. Be4 Bc6 33. Bxc6 bxc6 34. Rb1 Rxa2 35. Rb7 Rf8 36. Rg4 Rf7 37. Rb8+ Kh7 38. Rc8 Rc2 39. Ra4 c5 40. Ra5 c4 41. Rac5 Rf1+ 42. Kh2 Rff2 43. h4 Rxg2+ 44. Kh3 Rg6 45. Ra8 Rc3+ 46. Kh2 Rg4 47. h5 Rg5 48. Rxg5 hxg5 49. Rxa7 Kh6 50. Rd7 Kxh5 51. Rd4 g4 52. Rd8 Rd3 53. Rc8 c3 54. Kg2 Kh4 55. Rh8+ Kg5 56. Rc8 Kf4 57. Kf2 g3+ 58. Kf1 Ke3 59. Ke1 g2 60. Re8+ Kf3 61. Rf8+ Kg3 62. Ke2 Rd2+ 0-1

[Event "Netanya Open 2019"]
[Site "Netanya"]
[Date "2019.06.25"]
[Round "3.37"]
[White "Neiman, Maks"]
[Black "Cohen Revivo, Shoham"]
[Result "0-1"]
[WhiteElo "1954"]
[BlackElo "2225"]
[PlyCount "84"]
[EventDate "2019.06.23"]
[EventType "swiss"]
[EventRounds "9"]
[EventCountry "ISR"]
[TimeControl "40/5400+30:1800+30"]

1. d4 Nf6 2. Bg5 c5 3. d5 Qb6 4. Nc3 d6 5. e4 g6 6. Nf3 Bg7 7. Rb1 O-O 8. Be2 Bg4 9. O-O Bxf3 10. Bxf3 Nbd7 11. Be2 e6 12. Qd2 exd5 13. exd5 Rfe8 14. f4 c4+ 15. Kh1 Nc5 16. Bf3 Nfe4 17. Nxe4 Nxe4 18. Bxe4 Rxe4 19. c3 Rae8 20. Rbe1 Rxe1 21. Rxe1 Rxe1+ 22. Qxe1 h6 23. Be7 Qxb2 24. Bxd6 Qxc3 25. Qe8+ Kh7 26. h3 Qf6 27. Be5 Qf5 28. Bxg7 Kxg7 29. d6 c3 30. d7 c2 31. Qc8 Qxd7 32. Qxc2 Qd4 33. Qb3 b6 34. f5 Qa1+ 35. Kh2 Qe5+ 36. Kh1 Qxf5 37. Qc3+ Qf6 38. Qc4 Qa1+ 39. Kh2 Qe5+ 40. Kh1 b5 41. Qb3 a5 42. a3 b4 0-1

[Event "Netanya Open 2019"]
[Site "Netanya"]
[Date "2019.06.25"]
[Round "3.38"]
[White "Pravdivetz, Vladimir"]
[Black "Bilych, Olexiy"]
[Result "1-0"]
[WhiteElo "1927"]
[BlackElo "2187"]
[PlyCount "83"]
[EventDate "2019.06.23"]
[EventType "swiss"]
[EventRounds "9"]
[EventCountry "ISR"]
[TimeControl "40/5400+30:1800+30"]

1. d4 Nf6 2. Nf3 b6 3. g3 Bb7 4. Bg2 g6 5. c4 Bg7 6. Nc3 e6 7. O-O Ne4 8. Nxe4 Bxe4 9. Ne5 Bxg2 10. Kxg2 c5 11. e3 Bxe5 12. dxe5 Nc6 13. f4 f6 14. exf6 Qxf6 15. Qc2 O-O-O 16. Bd2 Rhe8 17. Bc3 Qf7 18. e4 d5 19. cxd5 exd5 20. e5 d4 21. Qe4 Qd5 22. Qxd5 Rxd5 23. Bd2 c4 24. Rfc1 b5 25. a4 a6 26. axb5 axb5 27. Ra8+ Kd7 28. Rxe8 Kxe8 29. Kf3 Rd8 30. Ke4 Ra8 31. Kd5 Ra2 32. Kxc6 Rxb2 33. Ba5 d3 34. Kc5 Rb3 35. g4 Ra3 36. Bb4 Rb3 37. f5 Rb2 38. e6 gxf5 39. gxf5 Rf2 40. Kxb5 Rxf5+ 41. Kxc4 Rf4+ 42. Kc3 1-0

[Event "Netanya Open 2019"]
[Site "Netanya"]
[Date "2019.06.25"]
[Round "3.39"]
[White "Lukin, Elisha"]
[Black "Ehrlich, Roy"]
[Result "1-0"]
[ECO "A40"]
[WhiteElo "2207"]
[BlackElo "1938"]
[PlyCount "89"]
[EventDate "2019.06.23"]
[EventType "swiss"]
[EventRounds "9"]
[EventCountry "ISR"]
[TimeControl "40/5400+30:1800+30"]

1. d4 e6 2. c4 Bb4+ 3. Nd2 c5 4. a3 Bxd2+ 5. Qxd2 cxd4 6. Qxd4 Nf6 7. Nf3 d6 8. Bg5 e5 9. Qd2 Ne4 10. Bxd8 Nxd2 11. Nxd2 Kxd8 12. O-O-O Ke7 13. Ne4 Rd8 14. Nc3 Be6 15. b3 Nd7 16. g3 a6 17. Bg2 Rab8 18. a4 Nc5 19. Kb2 b5 20. axb5 axb5 21. cxb5 Bxb3 22. Ra1 Bc4 23. Bc6 d5 24. Ra7+ Kf8 25. Ka3 d4 26. Kb4 dxc3 27. Kxc4 Ne4 28. Bxe4 Rd4+ 29. Kxc3 Rxe4 30. Rb1 Rc8+ 31. Kd2 Rd4+ 32. Ke1 Rd6 33. b6 Rb8 34. b7 Rd7 35. Ra8 Rdd8 36. Rxb8 Rxb8 37. Kd2 Ke7 38. g4 f6 39. Kd3 Kd6 40. Ke4 g6 41. h4 h5 42. f3 Ke6 43. Rb6+ Ke7 44. gxh5 gxh5 45. Kf5 1-0

[Event "Netanya Open 2019"]
[Site "Netanya"]
[Date "2019.06.25"]
[Round "3.40"]
[White "Aizenberg, Benny"]
[Black "Leib, Daniel"]
[Result "1/2-1/2"]
[WhiteElo "2153"]
[BlackElo "1897"]
[PlyCount "96"]
[EventDate "2019.06.23"]
[EventType "swiss"]
[EventRounds "9"]
[EventCountry "ISR"]
[TimeControl "40/5400+30:1800+30"]

1. e4 c5 2. Nf3 Nc6 3. d4 cxd4 4. Nxd4 e5 5. Nb5 d6 6. g3 Nf6 7. Bg2 a6 8. N5c3 Be7 9. Bg5 O-O 10. Bxf6 Bxf6 11. Nd5 Bg5 12. O-O Bh6 13. Nbc3 Be6 14. f4 exf4 15. gxf4 Nb4 16. Kh1 Nxd5 17. Nxd5 Qh4 18. Qe1 Qxe1 19. Raxe1 Bxd5 20. exd5 Rfe8 21. Be4 g6 22. f5 Re5 23. fxg6 hxg6 24. Bf3 Rae8 25. Rxe5 dxe5 26. d6 e4 27. d7 Rd8 28. Bxe4 Rxd7 29. Bd3 Bg5 30. Kg2 f5 31. Kf3 Bf6 32. Rg1 Kh7 33. b3 Rd5 34. Rg2 g5 35. Re2 Kg6 36. Re6 Rd7 37. Rb6 g4+ 38. Kf4 Rd4+ 39. Kg3 Rd7 40. h3 gxh3 41. Kxh3 Kg5 42. Re6 Re7 43. Rxe7 Bxe7 44. Kg3 a5 45. Kf3 Kf6 46. c3 Ke5 47. Bb5 Bg5 48. b4 axb4 1/2-1/2

[Event "Netanya Open 2019"]
[Site "Netanya"]
[Date "2019.06.25"]
[Round "3.41"]
[White "Gerchikov, Pavel"]
[Black "Kochavi, Ori"]
[Result "1/2-1/2"]
[WhiteElo "1911"]
[BlackElo "2151"]
[PlyCount "70"]
[EventDate "2019.06.23"]
[EventType "swiss"]
[EventRounds "9"]
[EventCountry "ISR"]
[TimeControl "40/5400+30:1800+30"]

1. e4 c6 2. d4 d5 3. Nc3 dxe4 4. Nxe4 Nf6 5. Nxf6+ exf6 6. Nf3 Bd6 7. Bd3 O-O 8. O-O Re8 9. Re1 Be6 10. c3 Nd7 11. Qc2 Nf8 12. Bd2 Qd7 13. c4 Ng6 14. g3 Bg4 15. Rxe8+ Rxe8 16. Ne1 Bh3 17. Be3 f5 18. Ng2 f4 19. Bd2 fxg3 20. hxg3 Qg4 21. Re1 Rxe1+ 22. Bxe1 Bxg2 23. Kxg2 Nh4+ 24. Kf1 Nf3 25. Bxh7+ Kh8 26. Qf5 g6 27. Qxf7 Qh3+ 28. Ke2 Nxd4+ 29. Kd3 Qf1+ 30. Kxd4 c5+ 31. Kc3 Qxe1+ 32. Kc2 Qe2+ 33. Kc1 Qe1+ 34. Kc2 Qe2+ 35. Kc1 Qe1+ 1/2-1/2

[Event "Netanya Open 2019"]
[Site "Netanya"]
[Date "2019.06.25"]
[Round "3.42"]
[White "Guz, Ari"]
[Black "Yusupoff, Yoav"]
[Result "1-0"]
[WhiteElo "2135"]
[BlackElo "1874"]
[PlyCount "83"]
[EventDate "2019.06.23"]
[EventType "swiss"]
[EventRounds "9"]
[EventCountry "ISR"]
[TimeControl "40/5400+30:1800+30"]

1. c4 c5 2. Nc3 Nc6 3. e3 e6 4. Nf3 Nge7 5. b3 d5 6. cxd5 exd5 7. d4 cxd4 8. Nxd4 Nxd4 9. Qxd4 Be6 10. Bb2 Nc6 11. Bb5 Qb6 12. Qxb6 axb6 13. O-O Be7 14. Rfd1 Bf6 15. Rd2 O-O 16. Na4 Bxb2 17. Rxb2 Ra5 18. Be2 d4 19. Nxb6 Re8 20. exd4 Nxd4 21. Bc4 h5 22. Rd1 Bxc4 23. Nxc4 Rd5 24. Rbd2 b5 25. Kf1 Red8 26. Ne3 R5d6 27. Nc2 Nf5 28. Rxd6 Rxd6 29. Rxd6 Nxd6 30. Ke2 f6 31. Kd3 Kf7 32. Kd4 Ke6 33. f3 g5 34. Kc5 g4 35. f4 h4 36. Nd4+ Kd7 37. Nxb5 Nf5 38. a4 h3 39. gxh3 gxh3 40. a5 Ne3 41. Kb6 Nd5+ 42. Kb7 1-0

[Event "Netanya Open 2019"]
[Site "Netanya"]
[Date "2019.06.25"]
[Round "3.43"]
[White "Zalkind, Konstantin"]
[Black "Smoliar, Klim"]
[Result "1/2-1/2"]
[WhiteElo "2116"]
[BlackElo "1871"]
[PlyCount "83"]
[EventDate "2019.06.23"]
[EventType "swiss"]
[EventRounds "9"]
[EventCountry "ISR"]
[TimeControl "40/5400+30:1800+30"]

1. Nf3 f5 2. g3 Nf6 3. Bg2 g6 4. O-O Bg7 5. d3 d6 6. Nc3 O-O 7. e4 c6 8. Re1 e5 9. b3 f4 10. d4 Qa5 11. Bb2 Bg4 12. dxe5 Nh5 13. Qd3 dxe5 14. Ng5 Qc5 15. Rf1 Na6 16. Bf3 Nb4 17. Qc4+ Qxc4 18. bxc4 Bxf3 19. Nxf3 Nxc2 20. Rac1 Nd4 21. Nxd4 exd4 22. Na4 b6 23. g4 Nf6 24. f3 Nd7 25. Kf2 c5 26. Ba3 Ne5 27. Ke2 Rac8 28. Nb2 h5 29. h3 hxg4 30. hxg4 Kf7 31. Nd3 Nxd3 32. Kxd3 Be5 33. Rh1 Rh8 34. Bb2 a6 35. a4 Rb8 36. Ba3 a5 37. Rcg1 g5 38. Bc1 Kg6 39. Bd2 Ra8 40. Be1 Rae8 41. Bd2 Bf6 42. Be1 1/2-1/2

[Event "Netanya Open 2019"]
[Site "Netanya"]
[Date "2019.06.25"]
[Round "3.44"]
[White "Volkov, Yuri"]
[Black "Itzhaky, Shmuel"]
[Result "1-0"]
[WhiteElo "1886"]
[BlackElo "2134"]
[PlyCount "91"]
[EventDate "2019.06.23"]
[EventType "swiss"]
[EventRounds "9"]
[EventCountry "ISR"]
[TimeControl "40/5400+30:1800+30"]

1. d4 e6 2. Nf3 d5 3. e3 Nf6 4. Bd3 c5 5. c3 Nc6 6. Nbd2 Bd6 7. O-O O-O 8. dxc5 Bxc5 9. e4 h6 10. b4 Bd6 11. a3 Qc7 12. Bb2 Ne5 13. Nxe5 Bxe5 14. g3 Bd7 15. Rc1 dxe4 16. Nxe4 Nxe4 17. Bxe4 Bb5 18. Re1 Rad8 19. Qc2 Bc4 20. Rcd1 f5 21. Bd3 Rxd3 22. Rxd3 Bf6 23. Rdd1 h5 24. f4 h4 25. Qf2 hxg3 26. hxg3 b6 27. Qf3 Kf7 28. Rd2 Rh8 29. Red1 Bb5 30. Rh2 Bc6 31. Qe2 Rxh2 32. Kxh2 b5 33. c4 Bxb2 34. Qxb2 Qc8 35. Kg1 bxc4 36. Qh2 Bd5 37. Qh5+ Kg8 38. Rd2 Qb8 39. Rh2 Qb6+ 40. Kf1 Qb5 41. Qh8+ Kf7 42. Rh7 Bg2+ 43. Ke1 e5 44. Qxg7+ Ke6 45. Qe7+ Kd5 46. Qxe5+ 1-0